 Dungeon Crawl Stone Soup version 0.30-a0-883-g5ad918d77d (webtiles) character file.

Game seed: 8099163123039176709

20810 Sanktem7 the Severer (level 12, 0/110 HPs)
             Began as a Minotaur Fighter on Mar 16, 2023.
             Was a High Priest of Okawaru.
             Slain by a large slime creature (30 damage)
             ... in an ice cave.
             The game lasted 00:24:53 (13494 turns).

Sanktem7 the Severer (Minotaur Fighter)            Turns: 13494, Time: 00:24:53

Health: 0/110      AC: 11    Str: 32    XL:     12   Next: 48%
Magic:  14/14      EV:  8    Int:  5    God:    Okawaru [*****.]
Gold:   591        SH:  6    Dex: 10    Spells: 11/11 levels left

rFire   . . .      SeeInvis .    a - +1 war axe {axe}
rCold   + . .      Faith    .    c - +0 buckler
rNeg    . . .      Spirit   .    U - +2 plate armour {rC+}
rPois   .          Reflect  .    (helmet restricted)
rElec   .          Rampage  .    F - +0 cloak
rCorr   .                        k - +2 pair of gloves
Will    .....                    v - +2 pair of boots Stlth
                                 (no amulet)
HPRegen 0.38/turn                H - +4 ring of slaying
MPRegen 0.14/turn                o - +6 ring of strength

@: corroded
A: horns 2, retaliatory headbutt, iridescent scales 1, MP-powered wands
a: Renounce Religion, Heroism, Finesse, Duel


You were in an ice cave.
You worshipped Okawaru.
Okawaru was extremely pleased with you.
You visited 3 branches of the dungeon, and saw 14 of its levels.
You also visited: Ice Cave.

You collected 790 gold pieces.
You spent 199 gold pieces at shops.


Innate Abilities, Weirdness & Mutations

You have a pair of horns on your head.
You reflexively headbutt those who attack you in melee.
You are partially covered in iridescent scales. (AC +2)
You expend magic power (3 MP) to strengthen your wands.


   Skills:
 + Level 11.5 Fighting
 * Level 15.4 Axes
 + Level 11.5 Armour
 + Level 11.5 Shields
 - Level 5.0 Invocations


You had 11 spell levels left.
You didn't know any spells.
Your spell library contained the following spells:

 Spells                   Type           Power      Damage    Failure   Level
 Static Discharge         Conj/Air       0%         2-2/arc   99%         2
 Sublimation of Blood     Necr           0%         N/A       99%         2
 Ozocubu's Armour         Ice            0%         N/A       100%        3
 Petrify                  Tmut/Erth      0%         N/A       100%        4
 Irradiate                Conj/Tmut      0%         3d11      100%        5
 Silence                  Hex/Air        0%         N/A       100%        5
 Enfeeble                 Hex            0%         N/A       100%        7
 Ozocubu's Refrigeration  Ice            0%         4d7       100%        7
 Tukima's Dance           Hex            Unusable   N/A       N/A         3
 Simulacrum               Ice/Necr       Unusable   N/A       N/A         6

Inventory:

Hand Weapons
 a - a +1 war axe (weapon) {axe}
 q - a +2 trident of venom {polearm}
   (You took it off an orc warrior on level 12 of the Dungeon)
 K - a +5 flail of freezing {mace}
   (You took it off a wight on level 10 of the Dungeon)
 M - a +1 hand axe of freezing {axe}
   (You found it in an ice cave)
 N - a +1 dagger of freezing {short}
   (You took it off a kobold demonologist on level 11 of the Dungeon)
 P - a +3 spear {polearm}
   (You found it on level 12 of the Dungeon)
 R - a +0 rapier of protection {short}
   (You found it on level 1 of the Lair of Beasts)
 T - a +2 glaive of flaming {polearm}
   (Okawaru gifted it to you on level 1 of the Lair of Beasts)
Missiles
 j - 145 stones (quivered) {throwing}
 z - 15 poisoned darts {throwing}
 C - 10 boomerangs {throwing}
 G - 9 javelins {throwing}
Armour
 c - a +0 buckler (worn)
 k - a +2 pair of gloves (worn)
   (You found it on level 1 of the Dungeon)
 v - a +2 pair of boots (worn)
   (You found it on level 4 of the Dungeon)
 F - a +0 cloak (worn)
   (You bought it in a shop on level 6 of the Dungeon)
 U - a +2 plate armour of cold resistance (worn)
   (You found it in an ice cave)
Jewellery
 o - a +6 ring of strength (right hand)
   (You found it on level 1 of the Dungeon)
 H - a +4 ring of slaying (left hand)
   (You found it on level 8 of the Dungeon)
 L - a ring of flight
   (You found it on level 10 of the Dungeon)
Wands
 I - a wand of polymorph (12)
   (You found it on level 8 of the Dungeon)
 J - a wand of mindburst (19)
   (You found it on level 10 of the Dungeon)
 Q - a wand of flame (3)
   (You found it on level 12 of the Dungeon)
Scrolls
 b - 3 scrolls of noise {!r}
 g - 3 scrolls of fear
 m - 2 scrolls of blinking {!r}
 n - 8 scrolls of amnesia
 p - a scroll of identify {@r1}
 t - 2 scrolls of immolation {!r!r}
 w - a scroll of fog
 y - a scroll of poison {!r}
 A - a scroll of silence {!r}
 E - 4 scrolls of teleportation {@r4}
 O - a scroll of torment {!r}
 S - a scroll of enchant weapon
Potions
 d - a potion of might
 e - 4 potions of brilliance
 f - a potion of attraction {!q}
 h - 4 potions of berserk rage {!q}
 i - 8 potions of curing {@q1}
 l - a potion of mutation {!q}
 r - 2 potions of flight
 s - 4 potions of cancellation
 u - 2 potions of heal wounds {@q2}
 x - a potion of lignification {!q}
 B - 3 potions of degeneration {!q@e2}
 D - 2 potions of resistance

Dungeon Overview and Level Annotations

Branches:
Dungeon (12/15) Zot: 25357  Temple (1/1) D:5 Zot: 5994    Lair (1/5) D:10 Zot: 5695
    Orc (0/2) D:10          IceCv (1/1) Zot: 5551

Altars:
Ashenzari
Cheibriados
Dithmenos
Elyvilon
Fedhas
Gozag
Hepliaklqana
Kikubaaqudgha
Makhleb
Nemelex Xobeh
Okawaru
Qazlal
Ru
Sif Muna
Trog
Uskayaw
Vehumet
Wu Jian
Xom
Yredelemnul
Zin
The Shining One

Shops:
D:5 !   D:6 [ D:8

* ##..##..#..# ##
#..##..##.####.
##..#...#..##..
#..##..#.....∩
##..##..#..##.. #
#...#..##.####.
#. ###..##..#..#
##
#..##....#..##..#
#.ZJ@...##..##.##
#...##...#...#..#
#.. #..##.[##..#
#.. #..##.##..##
#. #..##.#...# #
#...#....##
#.......##
#.......#
##......#


You could see a large slime creature and a slime creature simulacrum.


Message History

Okawaru accepts your kill.
The ice beast disappears in a puff of smoke! 😕 HP[+1]
You slash the slime creature simulacrum!
You slice the slime creature simulacrum!!
You headbutt the slime creature simulacrum.
Okawaru accepts your kill. 😕 HP[+1]
A slime creature comes into view.
The slime creature quivers.
The slime creature moves out of view. 😎 HP[+20]
Your hp is fully restored (110).
A slime creature is nearby!
A slime creature is nearby!
Acid dripping from the walls corrodes you.
A slime creature comes into view.
The slime creature quivers.
The slime creature hits you but does no damage.
You slice the slime creature!! The slime creature barely misses you.
You furiously retaliate!
You headbutt the slime creature. You slash the slime creature!
A slime creature comes into view.
You block the slime creature's attack.
You slice the slime creature!!
Your headbutt misses the slime creature.
Two slime creatures merge to form a large slime creature.
You slice the large slime creature!! You headbutt the large slime creature!
You slash the large slime creature! You headbutt the large slime creature.
The large slime creature hits you!
Two slime creatures merge to form a very large slime creature.
You slice the very large slime creature!!
You slash the very large slime creature!
You headbutt the very large slime creature.
The very large slime creature hits you!!!
You are too injured to fight recklessly! 😮 HP[-51]
You take 51 damage, and now have 59/110 hp.
MASSIVE DAMAGE!! (PAUSE)
You completely miss the very large slime creature.
You headbutt the very large slime creature!
You slash the very large slime creature!
You headbutt the very large slime creature!
The very large slime creature barely misses you.
A slime creature comes into view. 😮 HP[+1]
You completely miss the very large slime creature.
The very large slime creature hits you but does no damage.
You slash the very large slime creature!
You kill the very large slime creature!
Okawaru accepts your kill.
A slime creature simulacrum comes into view.
You slash the slime creature! 😮 HP[+1]
You hit the slime creature. You headbutt the slime creature!
The slime creature closely misses you.
A slime creature comes into view.
The slime creature quivers.
You slash the slime creature! You headbutt the slime creature!
The slime creature hits you. 😮 HP[-3]
You take 3 damage, and now have 58/110 hp.
You completely miss the slime creature. You headbutt the slime creature!
You slash the slime creature!
You kill the slime creature!
Okawaru accepts your kill.
A slime creature comes into view. 😮 HP[+1]
The slime creature completely misses you.
You slash the slime creature!
Two slime creatures merge to form a large slime creature. 😮 HP[+1]
You slice the large slime creature!! You headbutt the large slime creature.
You slash the large slime creature!
You hit the large slime creature but do no damage.
You headbutt the large slime creature!
You block the large slime creature's attack.
You hit the large slime creature but do no damage.
You block the large slime creature's attack. 😮 HP[+1]
You hit the large slime creature but do no damage.
The large slime creature hits you!
* * * LOW HITPOINT WARNING * * *
😨 HP[-16]
You take 16 damage, and now have 45/110 hp.
You barely miss the large slime creature.
You hit the large slime creature but do no damage.
You block the large slime creature's attack. 😨 HP[+1]
You slash the large slime creature!
The large slime creature hits you but does no damage.
You slash the large slime creature!
Your headbutt misses the large slime creature.
The large slime creature hits you!!!
* * * LOW HITPOINT WARNING * * *
😱 HP[-38]
You take 38 damage, and now have 8/110 hp.
MASSIVE DAMAGE!! (PAUSE)
You feel much better. The large slime creature hits you!!
You die...

Skill      XL: |  1  2  3  4  5  6  7  8  9 10 11 12 |
---------------+-------------------------------------+-----
Axes           | 3 4 5 6 7 9 11 12 14 15 | 15.4
Fighting       | 4 5 6 7 8 9 10 11 | 11.5
Armour         | 4 5 6 7 8 9 10 11 | 11.5
Shields        | 4 5 6 7 8 9 10 11 | 11.5
Invocations    | 2 4 5 |  5.0

Action                     |  1- 3 |  4- 6 |  7- 9 | 10-12 || total
---------------------------+-------+-------+-------+-------++-------
  Melee: War axe           |    82 |    47 |   249 |   441 ||   819
         Headbutt          |     6 |    10 |    43 |   113 ||   172
  Throw: Stone             |       |       |       |     2 ||     2
    Use: Scroll            |       |     9 |     6 |    12 ||    27
         Potion            |       |     2 |     1 |     1 ||     4
 Armour: Scale mail        |    26 |       |       |       ||    26
         Chain mail        |    18 |    12 |   181 |    68 ||   279
         Plate armour      |       |       |       |   178 ||   178
  Dodge: Dodged            |    29 |    19 |   106 |   145 ||   299
  Block: Buckler           |    25 |     9 |    65 |   124 ||   223

Levels and vault maps discovered:
D:1:      minmay_arrival_wavy_path, layout_loops_corners,
          shapermc_ecumenical_altar_venn
D:2:      layout_basic, serial_bayou, serial_bayou_pond_c, serial_bayou_pond_a,
          serial_bayou_shore_a, serial_bayou_pond_b, basic_altar,
          serial_park_tiny_2, uniq_sigmund
D:3:      layout_basic, mainiacjoe_overflow_catwalk, kennysheep_slug_shrine,
          roderic_roman_lattice, uniq_grinder, uniq_terence, uniq_jessica
D:4:      layout_rooms, mainiacjoe_overflow_alcove_1, nicolae_uskayaw_suspiria,
          mainiacjoe_overflow_24_doors, uniq_pikel
D:5:      layout_loops_corners, temple_pool_b, serial_shops,
          nicolae_shop_waterfront, minmay_misc_feat_diagonals
D:6:      minmay_skewed_foursquare, layout_basic, serial_shops, shop
D:7:      layout_basic, led_xom_imps, nicolae_ru_awakened_eye,
          overflow_temple_1_default, nicolae_tso_swordbearing_angel,
          minmay_starry_boxes
D:8:      layout_loops_ring, grunt_temple_overflow_growth_and_decay,
          kennysheep_ying_yang, zin_purify, nemelex_spade_bored_becter
D:9:      layout_loops_cross, okawaru_gym_becter,
          nicolae_hepliaklqana_hazy_memory, fiery_altar_vehumet
D:10:     layout_roguey, marbit_many_paths, kennysheep_mini_moat,
          lemuel_coloured_pillars_altar, david_lair_shrubbed, orc_0_dummy,
          grunt_ministairs_12
D:11:     layout_basic, kennysheep_big_empty_room
D:12:     layout_irregular_city
Temple:   ebering_the_one_and_only
Lair:1:   layout_hall_layers, portal_ice_cave_rime
IceCv:    ice_cave_hellmonk_azure_passage

Notes
Turn   | Place    | Note
-------+----------+-------------------------------------------
     0 | D:1      | Sanktem7 the Minotaur Fighter began the quest for the Orb.
     0 | D:1      | Reached XP level 1. HP: 19/19 MP: 0/0
     0 | D:1      | magus.rc [v1.9.6]
   196 | D:1      | Found a faded altar of an unknown god.
   215 | D:1      | Reached XP level 2. HP: 26/27 MP: 1/1
   335 | D:1      | Reached skill level 3 in Axes
   754 | D:1      | Reached skill level 4 in Fighting
   754 | D:1      | Reached XP level 3. HP: 33/33 MP: 2/2
  1182 | D:2      | Reached skill level 4 in Armour
  1197 | D:2      | Reached skill level 4 in Shields
  1297 | D:2      | Found a shimmering blue altar of Sif Muna.
  1662 | D:2      | Noticed Sigmund
  1669 | D:2      | Killed Sigmund
  1670 | D:2      | Reached skill level 4 in Axes
  1670 | D:2      | Reached XP level 4. HP: 35/41 MP: 3/3
  1670 | D:2      | Reached XP level 5. HP: 41/47 MP: 4/4
  2001 | D:3      | Noticed Grinder
  2004 | D:3      | Noticed Jessica
  2009 | D:3      | Killed Jessica
  2010 | D:3      | Reached skill level 5 in Axes
  2011 | D:3      | Killed Grinder
  2012 | D:3      | Reached skill level 5 in Fighting
  2012 | D:3      | Reached skill level 5 in Armour
  2012 | D:3      | Reached skill level 5 in Shields
  2012 | D:3      | Reached XP level 6. HP: 43/56 MP: 5/5
  2272 | D:3      | Identified the +5 robe of Cydgholoc {rN+++ Str-2 Dex-4
                  | Slay+5}
  2345 | D:3      | Found a snail-covered altar of Cheibriados.
  2700 | D:3      | Found a bloodstained altar of Trog.
  2754 | D:3      | Noticed Terence
  2763 | D:3      | Killed Terence
  2764 | D:3      | Reached skill level 6 in Axes
  2898 | D:3      | Gained mutation: Your mind is acute. (Int +4, Str/Dex -1)
                  | [potion of mutation]
  2898 | D:3      | Gained mutation: Armour fits poorly on your strangely
                  | shaped body. [potion of mutation]
  2898 | D:3      | Gained mutation: You have hidden genetic defects. [potion
                  | of mutation]
  2898 | D:3      | Gained mutation: You are resistant to electric shocks.
                  | (rElec) [potion of mutation]
  2899 | D:3      | Lost mutation: You are resistant to electric shocks.
                  | (rElec) [potion of mutation]
  2899 | D:3      | Lost mutation: Your mind is acute. (Int +4, Str/Dex -1)
                  | [potion of mutation]
  2899 | D:3      | Lost mutation: Armour fits poorly on your strangely shaped
                  | body. [potion of mutation]
  2899 | D:3      | Gained mutation: You are partially covered in iridescent
                  | scales. (AC +2) [potion of mutation]
  2899 | D:3      | Lost mutation: You have hidden genetic defects. [potion of
                  | mutation]
  2899 | D:3      | Gained mutation: You expend magic power (3 MP) to
                  | strengthen your wands. [potion of mutation]
  2962 | D:4      | Reached XP level 7. HP: 50/61 MP: 6/6
  2963 | D:4      | Found a shadowy altar of Dithmenos.
  3217 | D:4      | Found a hide-covered altar of Uskayaw.
  3395 | D:4      | Noticed Pikel
  3400 | D:4      | Killed Pikel
  3401 | D:4      | Reached skill level 6 in Fighting
  3401 | D:4      | Reached skill level 7 in Axes
  3401 | D:4      | Reached skill level 6 in Armour
  3401 | D:4      | Reached skill level 6 in Shields
  3401 | D:4      | Reached XP level 8. HP: 64/70 MP: 7/7
  3425 | D:4      | Found a burning altar of Makhleb.
  3661 | D:5      | Entered Level 5 of the Dungeon
  3703 | D:5      | Reached skill level 8 in Axes
  3902 | D:5      | Found a staircase to the Ecumenical Temple.
  3935 | Temple   | Entered the Ecumenical Temple
  4602 | D:5      | Found Fuq Qiot's Distillery.
  4636 | D:5      | Bought 2 potions of heal wounds for 150 gold pieces
  4758 | D:6      | Reached skill level 7 in Shields
  4759 | D:6      | Reached skill level 7 in Fighting
  4759 | D:6      | Reached skill level 7 in Armour
  4821 | D:6      | Reached skill level 9 in Axes
  4848 | D:6      | Reached XP level 9. HP: 72/79 MP: 8/8
  5376 | D:6      | Found Taisufei's Armour Shop.
  5381 | D:6      | Bought a +0 cloak for 49 gold pieces
  5614 | D:7      | Reached skill level 10 in Axes
  5867 | D:7      | Reached skill level 8 in Fighting
  5867 | D:7      | Reached skill level 8 in Armour
  5867 | D:7      | Reached skill level 8 in Shields
  5976 | D:7      | Found a stormy altar of Qazlal.
  6131 | D:7      | HP: 17/82 [yak (12)]
  6135 | D:7      | Reached skill level 11 in Axes
  6503 | D:7      | Found a sacrificial altar of Ru.
  6545 | D:7      | Found a shimmering altar of Xom.
  6567 | D:7      | Reached XP level 10. HP: 90/90 MP: 9/9
  6875 | D:7      | Found a glowing golden altar of the Shining One.
  7143 | D:8      | Found a blossoming altar of Fedhas.
  7144 | D:8      | Found an ancient bone altar of Kikubaaqudgha.
  7346 | D:8      | Found a white marble altar of Elyvilon.
  7401 | D:8      | Found a basalt altar of Yredelemnul.
  7475 | D:8      | Found Zin's Purification Station.
  7478 | D:8      | Found a glowing silver altar of Zin.
  7709 | D:8      | Found a sparkling altar of Nemelex Xobeh.
  7917 | D:9      | Found a radiant altar of Vehumet.
  7925 | D:9      | Reached skill level 9 in Fighting
  7925 | D:9      | Reached skill level 9 in Armour
  7927 | D:9      | Found a hazy altar of Hepliaklqana.
  8009 | D:9      | Reached skill level 9 in Shields
  8363 | D:9      | Reached skill level 12 in Axes
  8506 | D:9      | Found an iron altar of Okawaru.
  8516 | D:9      | Became a worshipper of Warmaster Okawaru
  8534 | D:9      | Reached skill level 1 in Invocations
  8534 | D:9      | Reached * piety under Okawaru
  8922 | D:10     | Entered Level 10 of the Dungeon
  9108 | D:10     | You add the spells Static Discharge, Silence and Enfeeble
                  | to your library.
  9108 | D:10     | Got the Volume of Misty Fascination
  9161 | D:10     | Found an ornate altar of the Wu Jian Council.
  9204 | D:10     | Reached skill level 2 in Invocations
  9223 | D:10     | Found a staircase to the Lair.
  9250 | D:10     | Reached ** piety under Okawaru
  9420 | D:10     | Reached XP level 11. HP: 91/99 MP: 11/11
  9495 | D:10     | Reached skill level 13 in Axes
  9666 | D:10     | Found a staircase to the Orcish Mines.
  9719 | D:10     | Found a broken altar of Ashenzari.
  9981 | D:10     | Noticed a two-headed ogre
  9991 | D:10     | Killed a two-headed ogre
  9992 | D:10     | Reached skill level 10 in Fighting
 10057 | D:10     | Reached *** piety under Okawaru
 10058 | D:10     | Reached skill level 10 in Armour
 10058 | D:10     | Reached skill level 10 in Shields
 10058 | D:10     | Reached skill level 3 in Invocations
 10126 | D:10     | Found an opulent altar of Gozag.
 10335 | D:11     | Noticed a sixfirhy
 11118 | D:12     | HP: 15/101 [very large slime creature (44)]
 11427 | D:12     | Reached **** piety under Okawaru
 11441 | D:12     | Reached skill level 4 in Invocations
 11759 | D:12     | Reached skill level 14 in Axes
 12058 | D:12     | Noticed a two-headed ogre
 12063 | D:12     | Killed a two-headed ogre
 12063 | D:12     | Reached ***** piety under Okawaru
 12243 | D:12     | Reached XP level 12. HP: 98/108 MP: 14/14
 12324 | D:12     | Reached skill level 11 in Fighting
 12613 | D:12     | You pick up a book of Alchemy and begin reading...
 12613 | D:12     | You add the spells Sublimation of Blood, Petrify and
                  | Irradiate to your library.
 12723 | Lair:1   | Entered Level 1 of the Lair of Beasts
 12733 | Lair:1   | Reached skill level 11 in Shields
 12734 | Lair:1   | Reached skill level 11 in Armour
 12734 | Lair:1   | Reached skill level 5 in Invocations
 12858 | Lair:1   | Received a gift from Okawaru
 12892 | Lair:1   | Found a frozen archway.
 13030 | IceCv    | Entered an ice cave
 13049 | IceCv    | Noticed a quicksilver ooze
 13056 | IceCv    | Killed a quicksilver ooze
 13057 | IceCv    | Reached skill level 15 in Axes
 13277 | IceCv    | You add the spells Ozocubu's Armour and Ozocubu's
                  | Refrigeration to your library.
 13277 | IceCv    | Got the Handbook of the Nexus
 13493 | IceCv    | HP: 8/110 [large slime creature (38)]
 13494 | IceCv    | Slain by a large slime creature

Vanquished Creatures
  A quicksilver ooze (IceCv)
  2 two-headed ogres
  A skyshark (Lair:1)
  Pikel (D:4)
  2 cyclopes (D:12)
  A black mamba (Lair:1)
  An ice statue (IceCv)
  A cane toad (Lair:1)
  3 komodo dragons
  A freezing wraith (D:12)
  3 kobold demonologists (D:11)
  2 rime drakes (Lair:1)
  6 trolls
  Grinder (D:3)
  12 slime creatures
  Sigmund (D:2)
  3 wraiths
  A wyvern (D:7)
  2 steam dragons (D:7)
  15 yaks
  11 vampire mosquitoes
  2 water moccasins
  An ice beast (D:5)
  2 sky beasts
  3 black bears
  3 orc warriors
  2 slime creature simulacra (IceCv)
  8 centaurs
  2 phantoms (D:6)
  A kobold brigand (D:9)
  A gnoll sergeant (D:6)
  2 scorpions
  3 bullfrogs
  2 glowing shapeshifter simulacra (IceCv)
  7 wights (D:10)
  12 killer bees
  3 electric eels (D:11)
  10 howler monkeys
  4 crimson imps (D:7)
  8 hounds
  10 orc priests
  2 gnoll boudas
  5 jellies
  Jessica (D:3)
  Terence (D:3)
  5 iguanas
  14 orc wizards
  A sleepcap (D:7)
  2 shapeshifter simulacra (IceCv)
  11 gnolls
  7 adders
  A shadow imp (D:7)
  A white imp (D:5)
  An ufetubus (D:6)
  A worm (D:3)
  7 dart slugs
  24 orcs
  6 endoplasms
  3 giant cockroaches
  3 goblins
  9 hobgoblins
  2 jackals (D:1)
  12 kobolds
  4 quokkas
  8 ball pythons
  5 bats
  3 frilled lizards
  5 rats
301 creatures vanquished.

Vanquished Creatures (others)
  An orc wizard (D:12)
  An orc (D:7)
  11 plants (D:10)
13 creatures vanquished.

Grand Total: 314 creatures vanquished

Table legend:
 A = Non-vault XP
 B = Vault XP
 C = Vault XP percentage of total XP
 D = Non-vault monster count
 E = Vault monster count
 F = Vault count percentage of total count
                 A         B        C        D         E       F
            +---------+---------+-------+---------+---------+-------
      Total |   22060 |    7669 |  25.8 |     255 |      47 |  15.6
            +---------+---------+-------+---------+---------+-------
        D:1 |      42 |       0 |   0.0 |      23 |       0 |   0.0
        D:2 |      14 |     243 |  94.6 |       9 |       4 |  30.8
        D:3 |      43 |     358 |  89.3 |      15 |       4 |  21.1
        D:4 |     376 |     586 |  60.9 |      23 |       1 |   4.2
        D:5 |     458 |       0 |   0.0 |       8 |       0 |   0.0
        D:6 |     805 |     544 |  40.3 |      25 |       8 |  24.2
        D:7 |    2284 |     355 |  13.5 |      22 |       6 |  21.4
        D:8 |     876 |       0 |   0.0 |      15 |       0 |   0.0
        D:9 |    1989 |       0 |   0.0 |      30 |       0 |   0.0
       D:10 |    4245 |    1025 |  19.4 |      30 |       8 |  21.1
       D:11 |    2011 |       0 |   0.0 |      14 |       0 |   0.0
       D:12 |    6761 |       0 |   0.0 |      36 |       0 |   0.0
     Lair:1 |    2156 |     745 |  25.7 |       5 |       2 |  28.6
      IceCv |       0 |    3813 | 100.0 |       0 |      14 | 100.0
            +---------+---------+-------+---------+---------+-------

Illustrated notes

Table legend:
 A = Kills in this place as a percentage of kills in the entire game.
 B = Kills by you in this place as a percentage of kills by you in the entire game.
 C = Kills by friends in this place as a percentage of kills by friends in the entire game.
 D = Other kills in this place as a percentage of other kills in the entire game.
 E = Experience gained in this place as a percentage of experience gained in the entire game.
 F = Experience gained in this place divided by the number of levels of this place that you have seen.
                   A       B       C       D       E      F
               +-------+-------+-------+-------+-------+----------------------
         Total | 100.0 | 100.0 |   N/A | 100.0 | 100.0 | 1981.9
       Dungeon |  93.0 |  93.0 |   N/A | 100.0 |  77.4 | 1917.9
          Lair |   2.3 |   2.3 |   N/A |   0.0 |   9.8 | 2901.0
      Ice Cave |   4.6 |   4.7 |   N/A |   0.0 |  12.8 | 3813.0
               +-------+-------+-------+-------+-------+----------------------

Table legend: (Time is in decaauts)
 A = Elapsed time spent in this place.
 B = Non-inter-level travel time spent in this place.
 C = Inter-level travel time spent in this place.
 D = Time resting spent in this place.
 E = Time spent auto-exploring this place.
 F = Levels seen in this place.
 G = Mean time per level.
                   A        B        C        D        E       F      G
               +--------+--------+--------+--------+--------+-----+--------+
         Total |  13539 |  13109 |    430 |    901 |  10224 |  15 |  902.6 |
       Dungeon |  12781 |  12351 |    430 |    775 |   9898 |  12 | 1065.1 |
        Temple |      5 |      5 |      0 |      0 |      0 |   1 |    5.0 |
          Lair |    304 |    304 |      0 |    126 |      0 |   1 |  304.0 |
      Ice Cave |    447 |    447 |      0 |      0 |    326 |   1 |  447.0 |
               +--------+--------+--------+--------+--------+-----+--------+

Top non-repeatable levels by time:
     D:7: 1485 daAuts
    D:12: 1383 daAuts
    D:10: 1279 daAuts
     D:1: 1155 daAuts
    D:11: 1114 daAuts
     D:5: 1040 daAuts
     D:3: 1040 daAuts
     D:9: 1001 daAuts
     D:2: 902 daAuts
     D:6: 892 daAuts
     D:8: 840 daAuts
     D:4: 644 daAuts
   IceCv: 447 daAuts
  Lair:1: 304 daAuts
  Temple: 5 daAuts
